 Dungeon Crawl Stone Soup version 0.29.0-4-gdea44cf6ec (webtiles) character file.

Game seed: 13991013297343867894

50 qw the Chopper (level 3, -3/21 HPs)
             Began as a Tengu Warper on Aug 28, 2022.
             Slain by a gnoll
             ... wielding a +0 spear
              (4 damage)
             ... on level 2 of the Dungeon.
             The game lasted 00:00:09 (1700 turns).

qw the Chopper (Tengu Warper)                       Turns: 1700, Time: 00:00:10

Health: -3/21      AC:  5    Str: 13    XL:     3   Next: 79%
Magic:  7/7        EV: 11    Int: 13    God:
Gold:   69         SH:  0    Dex: 13    Spells: 6/6 levels left

rFire   . . .      SeeInvis .   Y - +0 hand axe
rCold   . . .      Faith    .   (no shield)
rNeg    . . .      Spirit   .   d - +0 ring mail
rPois   .          Reflect  .   (helmet restricted)
rElec   .          Harm     .   (no cloak)
rCorr   .          Rampage  .   (no gloves)
Will    .....                   (boots unavailable)
Stlth   +.........              (no amulet)
HPRegen 0.07/turn               (no ring)
MPRegen 0.10/turn               (no ring)

@: no status effects
A: beak, talons 3
a: no special abilities


You were on level 2 of the Dungeon.
You visited 1 branch of the dungeon, and saw 2 of its levels.

You collected 69 gold pieces.


Innate Abilities, Weirdness & Mutations

You have a beak for a mouth.
You have claws for feet.


   Skills:
 - Level 2.0 Fighting
 + Level 4.4 Axes
 - Level 1.0 Throwing
 - Level 1.1 Armour
 - Level 2.1 Dodging
 - Level 2.0 Spellcasting
 - Level 2.4 Translocations


You had 6 spell levels left.
You didn't know any spells.
Your spell library contained the following spells:

 Spells                   Type           Power      Damage    Failure   Level
 Blink                    Tloc           14%        N/A       30%         2
 Gell's Gravitas          Tloc           7%         N/A       52%         3
 Lesser Beckoning         Tloc           7%         N/A       52%         3
 Teleport Other           Tloc           7%         N/A       52%         3
 Manifold Assault         Tloc           7%         N/A       99%         5

Inventory:

Hand Weapons
 f - a +0 whip
 Y - a +0 hand axe (weapon)
Armour
 d - a +0 ring mail (worn)
Scrolls
 a - a scroll of identify
 b - a scroll of amnesia {unknown}
Potions
 c - a potion of mutation {unknown}
 g - a potion of curing {unknown}
 h - a potion of cancellation {unknown}
 i - 2 potions of attraction {unknown}
 j - a potion of flight {unknown}
 k - a potion of resistance {unknown}

Dungeon Overview and Level Annotations

Branches:
Dungeon (2/15)

Altars:

Shops:
D:2 [


Message History

HP restored.
You open the door.
There is an open door here.
c - a metallic coppery potion
Enter note:
i - 2 clear potions (gained 1)
There is an open door here.
Found a short sword.
Enter note:
Enter note:
Enter note:
Enter note:
Enter note:
Enter note: A gnoll comes into view. It is wielding a +0 spear.
You see here 11 gold pieces.
A gnoll comes into view. It is wielding a +0 flail.
The gnoll shouts!
The gnoll throws a throwing net.
The throwing net hits you.
You become entangled in the net!
You see here a throwing net.
You tear a large gash into the net.
A gnoll comes into view. It is wielding a +0 spear.
You struggle against the net.
The gnoll shouts!
A gnoll comes into view. It is wielding a +0 club.
You struggle against the net.
The gnoll shouts!
The gnoll hits you from afar with a +0 spear.
You rip the net and break free!
The gnoll hits you from afar with a +0 spear.
The gnoll hits you with a +0 spear.
You hit the gnoll. You peck the gnoll.
The gnoll is heavily wounded.
The gnoll hits you with a +0 spear.
You hit the gnoll.
The gnoll is severely wounded.
The gnoll hits you from afar with a +0 spear.
The gnoll hits you with a +0 spear.
You die...

....... ....... #
....... .. #.
....... ...#.##
g).....
...#...##g....#
.....#..gg....###
#......@.....#..
#..............
....#.$......##
... #........# .
#........#
###......#
.###......#
...........#
...........#


You could see 4 gnolls.

Vanquished Creatures
  An adder (D:2)
  2 dart slugs
  5 endoplasms (D:1)
  5 goblins
  5 hobgoblins
  3 jackals (D:1)
  3 ball pythons (D:1)
  A bat (D:1)
  3 frilled lizards
  5 kobolds (D:1)
  A rat (D:2)
34 creatures vanquished.

Notes
Turn   | Place    | Note
-------+----------+-------------------------------------------
     0 | D:1      | qw the Tengu Warper began the quest for the Orb.
     0 | D:1      | Reached XP level 1. HP: 12/12 MP: 4/4
     0 | D:1      | 0 ||| qw: Version: 0.1-a-89-g26bdef1
     0 | D:1      | 0 ||| qw: Game counter: 1743
     0 | D:1      | 0 ||| qw: Always use a shield: true
     0 | D:1      | 0 ||| qw: God list: Okawaru
     0 | D:1      | 0 ||| qw: Allow faded altars: false
     0 | D:1      | 0 ||| qw: Do Orc after D:15 true
     0 | D:1      | 0 ||| qw: Do second Lair branch before Depths: true
     0 | D:1      | 0 ||| qw: Lair rune preference: random
     0 | D:1      | 0 ||| qw: Plans: Normal
     0 | D:1      | 0 ||| PLANNING D:1-11
    11 | D:1      | 11 ||| Stepping ~*~*~tactically~*~*~ (stealth).
    12 | D:1      | 12 ||| Stepping ~*~*~tactically~*~*~ (stealth).
    19 | D:1      | HP: 3/12 [jackal (3)]
    20 | D:1      | HP: 1/12 [jackal (2)]
   306 | D:1      | Reached skill level 3 in Axes
   306 | D:1      | Reached XP level 2. HP: 17/17 MP: 6/6
   436 | D:1      | 436 ||| Stepping ~*~*~tactically~*~*~ (stealth).
   440 | D:1      | 440 ||| Stepping ~*~*~tactically~*~*~ (stealth).
   446 | D:1      | 446 ||| Stepping ~*~*~tactically~*~*~ (stealth).
   448 | D:1      | 448 ||| Stepping ~*~*~tactically~*~*~ (stealth).
   452 | D:1      | 452 ||| Stepping ~*~*~tactically~*~*~ (stealth).
   455 | D:1      | 455 ||| Stepping ~*~*~tactically~*~*~ (stealth).
   511 | D:1      | 511 ||| Stepping ~*~*~tactically~*~*~ (stealth).
   610 | D:1      | 610 ||| Stepping ~*~*~tactically~*~*~ (hiding).
   622 | D:1      | Reached XP level 3. HP: 17/21 MP: 7/7
   730 | D:1      | Reached skill level 4 in Axes
  1049 | D:1      | 1049 ||| UPGRADING to +0 ring mail.
  1059 | D:1      | 1059 ||| DROPPING +0 leather armour.
  1060 | D:1      | 1060 ||| READING 2 scrolls labelled ZISYOZ LOJO.
  1061 | D:1      | 1061 ||| READING scroll labelled CAUREZ MUGOMM.
  1062 | D:1      | 1062 ||| DROPPING scroll of poison.
  1063 | D:1      | 1063 ||| DROPPING scroll of blinking.
  1064 | D:1      | 1064 ||| Stepping randomly (stuck).
  1065 | D:1      | 1065 ||| Stepping ~*~*~tactically~*~*~ (cloud).
  1416 | D:2      | Found Hapeliru's Antique Armour Emporium.
  1424 | D:2      | 1424 ||| SHOPLISTING buckler (117 gold, have 69).
  1424 | D:2      | 1424 ||| SHOPLISTING glowing ring mail (182 gold, have 69).
  1424 | D:2      | 1424 ||| SHOPLISTING spiked leather armour (182 gold, have
                  | 69).
  1699 | D:2      | HP: 3/21 [gnoll/+0 spear (5)]
  1700 | D:2      | HP: 1/21 [gnoll/+0 spear (2)]
  1700 | D:2      | Slain by a gnoll

Levels and vault maps discovered:
D:1:      eino_arrival_druids_welcome, layout_rooms, roderic_roman_lattice,
          nrook_loot_triangle, hangedman_feature_mirror
D:2:      minmay_roachtagon, layout_basic, serial_shops, nicolae_square_shop,
          serial_rivers, chequers_serial_rivers_micro_d,
          chequers_serial_rivers_room_a, chequers_serial_rivers_small_a,
          chequers_serial_rivers_small_b, uniq_crazy_yiuf_cottage, uniq_sigmund

Skill      XL: |  1  2  3 |
---------------+----------+-----
Axes           | 3 4 |  4.4
Fighting       | |  2.0
Throwing       | |  1.0
Armour         | |  1.1
Dodging        | |  2.1
Spellcasting   | |  2.0
Translocations | |  2.4

Action                   || total
-------------------------++-------
Melee: Hand axe          ||    73
       Peck              ||     9
       Kick              ||    19
       Punch             ||     1
Throw: Boomerang         ||     7
  Use: Scroll            ||     2
Armor: Leather armour    ||    11
       Ring mail         ||     6
Dodge: Dodged            ||    30

Table legend:
 A = Non-vault XP
 B = Vault XP
 C = Vault XP percentage of total XP
 D = Non-vault monster count
 E = Vault monster count
 F = Vault count percentage of total count
                 A         B        C        D         E       F
            +---------+---------+-------+---------+---------+-------
      Total |      68 |       4 |   5.6 |      32 |       2 |   5.9
            +---------+---------+-------+---------+---------+-------
        D:1 |      45 |       4 |   8.2 |      26 |       2 |   7.1
        D:2 |      23 |       0 |   0.0 |       6 |       0 |   0.0
            +---------+---------+-------+---------+---------+-------
